Match 47031958
Unlisted

Match 47031958
End
Construct Weapon Support Center
Selects Airborne Battlegroup
Selects Heavy Machine Gun Paradrop
Heavy Machine Gun Paradrop
M1919 Machine Gun Team
Heavy Machine Gun Paradrop
Construct Medical Station
Selects Paratrooper Squad Paradrop
Heavy Machine Gun Paradrop
Air Support Center
Grasshopper Recon Run
Paratrooper Squad Paradrop
Selects Smoke Bombing Run
Selects Supply Drop
Paratrooper Squad Paradrop
P-47 Strafing Run
Supply Drop
Improved M9 Bazooka Rockets
Air Supply
Grasshopper Recon Run
P-47 Strafing Run
P-47 Dive Bomb
Grasshopper Recon Run
P-47 Strafing Run
Supply Drop
P-47 Strafing Run
Supply Drop
Grasshopper Recon Run
Double Sortie
P-47 Dive Bomb
Construct Tank Depot
P-47 Dive Bomb
P-47 Strafing Run
Selects Dual P-47 Rocket Strike
Supply Drop
Paratrooper Squad Paradrop
Smoke Bombing Run
Grasshopper Recon Run
Improved Aircraft Armor
M18 Hellcat Tank Destroyer
Grasshopper Recon Run
P-47 Strafing Run
Selects Anti-tank Gun Team Paradrop
Supply Drop
Grasshopper Recon Run
Paratrooper Squad Paradrop
Dual P-47 Rocket Strike
P-47 Strafing Run
Paratrooper Squad Paradrop
Supply Drop
M18 Hellcat Tank Destroyer
Grasshopper Recon Run
M18 Hellcat Tank Destroyer
Space!
866
麦田里的守望者
XuZhongwei
上海交大周杰伦
An
0
0

Comments sign in to comment!

No comments posted yet!